Match 45982217
Unlisted

Match 45982217
End
Selects Australian Defense Battlegroup
Selects Australian Light Infantry Section
Australian Light Infantry Section
Vickers Machine Gun Team
Australian Light Infantry Section
Construct Section Command Post
Dingo Light Scout Car
Construct Platoon Command Post
Humber Armored Car
Infantry Section
Selects CMP 15cwt Supply Run
Selects Reinforced Resource Caches
detahaven
swagmeister
BigPapaStark
Cool Whhip
0
0

Comments sign in to comment!

No comments posted yet!